Map: Terraform LE (Void)

Players

CealeR

  • Race: Terran Terran
  • League: Gold

EverZtelecoM (telecom) - Winner!

  • Race: Zerg Zerg
  • League: Diamond

VOD

Have the link to the VOD?

Description

Time

  • Played on: Oct. 2, 2015, 9:43 p.m.
  • Length: 21:15
Show
View Real Time Build Order
Export as new Build Order

CealeR Terran 

Build Orders: Command Center First (CC), Hellion Banshee 

Get SALT Encoding   

  12  0:01  SCV  
  13  0:15  SCV  
  14  0:22  Supply Depot  
  14  0:27  SCV  
  15  0:44  SCV  
  16  1:00  Command Center  
  16  1:03  SCV  
  17  1:13  Barracks  
  17  1:17  SCV  
  18  1:25  Refinery  
  18  1:29  SCV  
  19  1:41  SCV  
  20  1:54  SCV  
  21  2:01  Marine  
  21  2:05  Bunker  
  21  2:06  Orbital Command  
  22  2:14  Orbital Command  
  22  2:19  Marine  
  23  2:33  SCV  
  23  2:34  Factory  
  24  2:40  SCV  
  24  2:41  Supply Depot  
  25  2:45  SCV  
  25  2:47  Barracks Reactor  
  26  2:56  Supply Depot  
  27  2:58  SCV x2  
  28  3:10  SCV x2  
  28  3:12  Supply Depot  
  30  3:18  Supply Depot  
  30  3:22  SCV  
  30  3:23  SCV  
  32  3:31  Starport  
  32  3:34  SCV, Hellion  
  34  3:35  SCV  
  34  3:38  Hellion  
  38  3:41  Barracks Tech Lab  
  38  3:47  SCV x2  
  40  3:57  Hellion  
  40  3:59  SCV x2  
  40  4:00  Hellion  
  46  4:14  Banshee  
  46  4:15  Command Center  
  49  4:21  SCV x2  
  51  4:25  Hellion x2  
  55  4:33  SCV, Refinery  
  55  4:34  SCV  
  55  4:35  Supply Depot  
  57  4:43  Refinery  
  57  4:45  Refinery  
  57  4:46  SCV x2  
  57  4:48  Engineering Bay  
  59  4:55  Hellion x2  
  59  4:58  SCV x2  
  65  5:05  Supply Depot  
  65  5:11  SCV  
  65  5:14  SCV  
  67  5:16  Liberator  
  67  5:17  Supply Depot x2  
  67  5:18  Missile Turret  
  67  5:23  SCV  
  67  5:27  Orbital Command  
  68  5:29  SCV  
  68  5:34  Barracks Reactor  
  72  5:35  SCV  
  72  5:36  Missile Turret  
  72  5:38  Supply Depot  
  72  5:41  SCV  
  74  5:47  Armory, SCV  
  75  5:53  SCV, Hellion  
  78  5:59  Orbital Command  
  78  6:00  SCV, Factory  
  78  6:03  Supply Depot  
  79  6:05  SCV  
  80  6:12  SCV  
  80  6:17  SCV  
  82  6:24  Unknown  
  73  6:26  Liberator x2  
  73  6:27  SCV  
  73  6:31  SCV  
  73  6:33  Missile Turret  
  73  6:35  Missile Turret  
  73  6:36  Missile Turret  
  73  6:38  SCV  
  73  6:39  SCV  
  75  6:44  Missile Turret  
  75  6:45  Missile Turret  
  75  6:46  Factory  
  81  6:48  Hellion x2  
  81  6:57  SCV  
  76  7:04  SCV, Thor  
  76  7:05  Missile Turret  
  83  7:09  SCV, Missile Turret, Liberator  
  83  7:10  SCV  
  83  7:16  SCV  
  83  7:20  Supply Depot  
  83  7:22  SCV x2, Liberator  
  85  7:23  Hellion x2  
  85  7:28  SCV  
  90  7:34  SCV  
  91  7:40  SCV, Missile Turret  
  94  7:49  SCV, Orbital Command  
  95  7:54  Hellion x2  
  98  8:02  Factory Tech Lab  
  98  8:03  Factory Tech Lab  
  98  8:04  SCV  
  99  8:06  Supply Depot  
  99  8:07  Command Center x2, Supply Depot  
  99  8:15  SCV x2  
  99  8:16  SCV  
  102  8:24  Hellion  
  102  8:25  Hellion  
  102  8:26  Liberator  
  106  8:27  Terran Vehicle Weapons Level 1  
  106  8:29  Missile Turret  
  106  8:31  SCV x2, Sensor Tower, Missile Turret  
  106  8:33  Refinery  
  106  8:34  Refinery  
  108  8:36  Supply Depot  
  108  8:38  Supply Depot, SCV  
  109  8:42  Siege Tank x2  
  109  8:46  SCV x2  
  120  8:58  SCV  
  120  9:04  Hellion x2  
  120  9:07  SCV  
  125  9:14  Thor  
  131  9:17  Siege Tank  
  131  9:41  Hellion x2, Viking  
  131  9:42  Viking  
  139  9:49  Siege Tank  
  139  9:57  Siege Tank  
  139  9:58  SCV x2  
  139  9:59  Liberator  
  144  10:00  SCV  
  144  10:04  Factory, Orbital Command  
  144  10:06  Supply Depot x2  
  145  10:10  SCV  
  145  10:12  SCV  
  115  10:16  Hellion x2  
  115  10:18  SCV  
  108  10:21  Thor  
  108  10:22  SCV  
  108  10:27  Missile Turret  
  115  10:28  Missile Turret  
  115  10:29  Missile Turret  
  115  10:33  Supply Depot x2  
  115  10:40  Hellion x2, Factory, Siege Tank, Viking  
  124  10:47  SCV x2  
  126  10:50  Hellion x4  
  125  11:04  Siege Tank  
  125  11:11  Missile Turret  
  128  11:12  Missile Turret  
  128  11:13  Command Center  
  128  11:15  Hellion x2, Siege Tank  
  128  11:16  Factory Tech Lab  
  128  11:18  SCV  
  136  11:30  Command Center, Refinery  
  136  11:33  Refinery  
  136  11:34  Missile Turret  
  136  11:36  Siege Tank  
  136  11:39  Factory Reactor  
  139  11:45  Hellion x2, Siege Tank  
  139  11:46  Viking x2  
  146  12:03  Siege Tank  
  146  12:04  Liberator x2  
  149  12:08  Siege Tank  
  149  12:09  Terran Vehicle Weapons Level 2  
  152  12:20  Hellion x3  
  164  12:31  Command Center  
  164  12:33  Missile Turret  
  147  12:39  Missile Turret  
  147  12:46  Liberator  
  147  12:47  Siege Tank x2, Liberator  
  147  12:48  Hellion  
  155  12:56  Missile Turret  
  155  12:57  Hellion x2, Infernal Pre-Igniter  
  165  13:05  Siege Tank  
  166  13:22  Hellion x2, Siege Tank  
  166  13:23  Siege Tank  
  172  13:31  Starport  
  149  13:46  Viking  
  149  13:48  Siege Tank  
  136  13:54  Siege Tank, Refinery  
  122  13:56  Refinery  
  122  14:00  Siege Tank  
  113  14:16  Hellion  
  115  14:20  Siege Tank, Liberator x2  
  115  14:21  Missile Turret  
  118  14:27  Siege Tank  
  121  14:32  Siege Tank  
  121  14:37  Hellion x2  
  125  14:55  Planetary Fortress, Hellion  
  125  14:56  Hellion  
  125  14:57  Missile Turret  
  129  15:00  Missile Turret x3  
  94  15:16  Siege Tank x3  
  94  15:17  Hellion x2  
  102  15:25  Liberator  
  102  15:26  Liberator  
  102  15:27  Hellion x2  
  106  15:34  Refinery  
  106  15:41  Starport Reactor  
  106  15:45  SCV  
  106  15:48  Planetary Fortress  
  113  15:52  Hellion  
  113  15:53  Hellion, Siege Tank  
  113  15:55  SCV  
  121  15:58  Refinery  
  121  16:01  Refinery, Missile Turret  
  121  16:02  Missile Turret  
  117  16:17  Thor, Viking  
  119  16:25  Viking  
  119  16:29  SCV, Liberator  
  119  16:30  Liberator  
  118  16:34  Hellion, Siege Tank  
  118  16:35  Missile Turret  
  119  16:46  Missile Turret  
  122  16:48  Thor, Hellion, Missile Turret  
  122  16:49  Hellion, Missile Turret  
  127  17:00  Thor  
  133  17:04  SCV x3  
  133  17:05  Liberator x2  
  136  17:09  Hellion, Siege Tank  
  141  17:16  Hellion x2  
  141  17:20  Hellion  
  153  17:26  SCV x2  
  155  17:31  Siege Tank  
  155  17:32  Hellion  
  146  18:13  Orbital Command  
  146  18:14  Missile Turret  
  146  18:17  Hellion  
  146  18:18  Hellion, Siege Tank x3  
  160  18:34  Hellion x2  
  160  18:35  Viking x2  
  160  18:36  Viking  
  163  18:45  Missile Turret  
  163  18:49  Refinery  
  163  18:50  Siege Tank x2  
  169  19:02  Hellion  
  171  19:06  Hellion  
  171  19:07  Viking x3  
  175  19:30  Thor, Hellion x2  
  183  19:43  Missile Turret  
  183  19:44  Missile Turret  
  183  19:45  Missile Turret  
  181  19:47  Viking x2  
  185  19:53  Sensor Tower  
  122  20:38  Viking x2  
Show
View Real Time Build Order
Export as new Build Order

EverZtelecoM Zerg - Winner!

Build Orders: Hatch First 

Get SALT Encoding   

  12  0:01  Drone  
  13  0:08  Drone  
  14  0:17  Overlord  
  14  0:25  Drone, Extractor  
  15  0:35  Drone  
  15  0:36  Drone  
  17  0:44  Drone  
  18  0:57  Hatchery  
  17  1:00  Drone  
  18  1:06  Drone  
  19  1:17  Spawning Pool  
  18  1:20  Drone  
  18  1:24  Extractor  
  18  1:27  Drone  
  19  1:37  Overlord  
  19  1:49  Overlord  
  19  1:59  Drone  
  20  2:04  Queen  
  22  2:09  Queen  
  22  2:10  Zergling x2  
  22  2:11  Zergling x2  
  26  2:20  Overlord, Drone  
  27  2:29  Metabolic Boost  
  27  2:31  Drone x2  
  29  2:44  Drone  
  30  2:45  Queen  
  30  2:47  Drone  
  33  2:52  Drone  
  33  2:57  Drone  
  35  3:03  Drone  
  35  3:04  Drone  
  37  3:09  Lair  
  37  3:11  Extractor  
  36  3:13  Drone  
  36  3:14  Extractor  
  36  3:15  Drone, Extractor  
  36  3:18  Drone  
  36  3:19  Drone  
  38  3:23  Drone  
  38  3:25  Drone  
  40  3:29  Drone  
  40  3:32  Drone x2  
  43  3:36  Drone  
  44  3:41  Drone x2  
  44  3:45  Drone x2  
  44  3:48  Drone  
  49  3:57  Zergling x2  
  49  3:59  Drone  
  49  4:00  Drone  
  49  4:02  Spine Crawler  
  51  4:05  Drone  
  51  4:08  Evolution Chamber  
  50  4:10  Drone  
  50  4:11  Evolution Chamber  
  50  4:12  Drone  
  51  4:24  Zergling x2  
  51  4:30  Spire  
  51  4:32  Drone  
  52  4:39  Overlord  
  52  4:55  Overlord  
  52  4:56  Overlord x2  
  52  4:59  Drone x2  
  54  5:00  Drone  
  54  5:04  Drone  
  54  5:05  Drone  
  57  5:10  Drone x2  
  60  5:14  Zergling x4  
  60  5:15  Drone x2  
  60  5:20  Baneling Nest  
  59  5:22  Hatchery, Drone  
  59  5:30  Burrow  
  59  5:31  Spore Crawler  
  59  5:33  Spore Crawler  
  57  5:43  Mutalisk x5  
  57  5:44  Mutalisk x2  
  57  5:48  Mutalisk  
  73  5:53  Mutalisk x2  
  77  5:58  Mutalisk  
  77  6:02  Overlord  
  80  6:05  Mutalisk x2  
  80  6:06  Overlord  
  80  6:10  Overseer  
  83  6:20  Mutalisk  
  83  6:24  Drone  
  84  6:31  Drone x2  
  86  6:33  Drone  
  86  6:35  Hatchery  
  86  6:40  Zerg Ground Armor Level 1, Zerg Melee Weapons Level 1  
  86  6:45  Hatchery  
  79  7:03  Mutalisk x2  
  79  7:04  Zergling x12  
  79  7:05  Drone x2  
  79  7:07  Drone  
  92  7:11  Roach Warren  
  91  7:21  Zergling x4  
  89  7:31  Zergling x4  
  89  7:33  Drone x2  
  93  7:38  Drone x3  
  93  7:40  Drone  
  93  7:43  Hydralisk Den  
  96  7:55  Roach  
  96  7:56  Glial Reconstitution, Roach x2  
  96  7:57  Roach x3  
  96  7:58  Roach x2  
  112  8:10  Queen  
  112  8:11  Overlord x2  
  110  8:16  Queen  
  110  8:18  Overlord x3  
  112  8:33  Drone x4  
  116  8:35  Drone  
  116  8:36  Zerg Ground Armor Level 2  
  116  8:37  Zerg Missile Weapons Level 1  
  116  8:38  Drone, Infestation Pit  
  116  8:39  Drone x2  
  116  8:40  Drone x2, Extractor  
  116  8:41  Drone x3, Extractor  
  121  8:50  Overlord  
  121  8:52  Drone  
  121  8:53  Drone x2  
  124  8:58  Drone  
  124  9:02  Hydralisk x5  
  130  9:05  Muscular Augments  
  130  9:09  Hydralisk  
  132  9:10  Hydralisk  
  132  9:13  Hydralisk  
  138  9:17  Baneling x5  
  138  9:21  Drone  
  139  9:26  Roach x4  
  141  9:39  Roach x7  
  141  9:40  Roach  
  157  9:50  Roach x2  
  159  9:56  Overlord x5  
  159  9:59  Hive  
  140  10:16  Roach x9  
  140  10:17  Roach  
  140  10:19  Drone x3  
  140  10:20  Drone  
  140  10:21  Drone  
  163  10:24  Drone x2  
  165  10:31  Drone  
  166  10:36  Zerg Missile Weapons Level 2  
  166  10:38  Drone  
  167  10:45  Hatchery  
  167  10:46  Zergling x4  
  167  10:47  Zergling x2  
  167  10:53  Hydralisk  
  167  10:54  Hydralisk x3  
  159  11:05  Zergling x6  
  159  11:07  Extractor  
  159  11:08  Extractor  
  159  11:11  Viper x3  
  160  11:13  Overseer  
  160  11:14  Zergling x4  
  160  11:15  Zergling x6  
  160  11:18  Hatchery  
  173  11:25  Zergling x4  
  174  11:32  Drone  
  175  11:37  Roach  
  175  11:38  Roach  
  175  11:39  Zerg Ground Armor Level 3  
  181  11:40  Zergling x8  
  181  11:42  Zergling x2  
  181  11:44  Ultralisk Cavern  
  183  11:49  Zergling x8  
  183  11:50  Zergling x2  
  182  12:10  Zergling x4  
  182  12:11  Overlord  
  199  12:24  Extractor  
  199  12:26  Evolution Chamber  
  199  12:27  Evolution Chamber x2, Baneling Nest, Extractor  
  199  12:28  Evolution Chamber  
  169  12:44  Zergling x4  
  169  12:45  Zergling x2  
  169  12:46  Roach x16  
  169  12:49  Ultralisk  
  169  12:50  Ultralisk x3  
  169  12:51  Chitinous Plating  
  196  12:52  Zergling x2  
  196  12:53  Zergling x4  
  196  12:56  Roach x16  
  199  13:08  Tunneling Claws  
  199  13:09  Zerg Melee Weapons Level 2  
  169  13:41  Roach x2  
  169  13:42  Roach x8  
  169  13:43  Roach x5  
  169  13:44  Roach x2  
  169  13:46  Zergling x14  
  169  13:47  Zergling x2  
  192  13:52  Zergling x8  
  192  13:53  Zergling x2  
  192  13:55  Zergling x4  
  159  14:13  Mutalisk x7  
  159  14:16  Zerg Missile Weapons Level 3  
  173  14:22  Corruptor x2  
  175  14:31  Corruptor x2  
  175  14:32  Corruptor  
  175  14:35  Drone  
  160  15:23  Ultralisk x3  
  160  15:25  Zergling x12  
  160  15:26  Zergling x2  
  185  15:55  Greater Spire  
  185  15:57  Zerg Melee Weapons Level 3  
  185  15:59  Hatchery  
  185  16:02  Overlord  
  178  16:22  Drone x10  
  178  16:23  Corruptor x2  
  175  16:36  Drone x5  
  180  16:56  Zergling x4  
  180  17:01  Adrenal Glands  
  182  17:09  Spore Crawler  
  182  17:12  Spine Crawler  
  180  17:22  Overseer x2  
  180  17:23  Pneumatized Carapace  
  180  17:26  Zerg Flyer Armor Level 1  
  180  17:28  Brood Lord  
  180  17:29  Brood Lord x3  
  188  17:31  Corruptor  
  190  17:39  Zergling x8  
  190  17:40  Drone  
  190  17:43  Zergling x2  
  194  18:06  Corruptor x3  
  194  18:12  Overlord x2  
  192  18:20  Roach x5  
  192  18:22  Spine Crawler  
  192  18:23  Queen  
  192  18:25  Spine Crawler  
  188  18:43  Corruptor x2  
  192  18:49  Spine Crawler  
  192  18:50  Spore Crawler, Spine Crawler  
  192  18:51  Drone x7  
  192  18:52  Spine Crawler  
  192  18:53  Zergling x4  
  188  19:04  Drone x5  
  188  19:07  Roach x4  
  192  19:11  Zergling x6  
  192  19:15  Drone x8  
  194  19:19  Drone x2  
  194  19:20  Zerg Flyer Weapons Level 1  
  195  19:25  Drone  
  196  19:50  Infestor x2  
  171  20:27  Zergling x2  
  153  20:28  Zergling x8  
  153  20:32  Corruptor x6  
  153  20:35  Zergling x12  
  153  20:37  Roach  
  153  20:38  Roach x4  
  153  20:39  Drone, Roach x5  
  153  20:40  Drone x6  
  153  20:42  Zergling x12  
  173  20:47  Zergling x2  
  173  20:48  Zergling x18  
  177  20:55  Zergling x2  
  177  20:56  Zergling x14  
Tags
 
Add a new tag
Caveats
  • Supply blocks, unpowered buildings, or Contaminate may cause inaccurate times.
  • Supply counts are checked every 10 seconds.